 Dungeon Crawl Stone Soup version 0.29-a0-90-gc37658a0fe (webtiles) character file.

Game seed: 16478617179009091302

58 Gargoyl the Skirmisher (level 4, -6/29 HPs)
             Began as a Gargoyle Abyssal Knight on Feb 6, 2022.
             Was a Follower of Lugonu.
             Mangled by Crazy Yiuf (11 damage)
             ... on level 2 of the Dungeon.
             The game lasted 00:02:23 (1808 turns).

Gargoyl the Skirmisher (Gargoyle Abyssal Knight)    Turns: 1808, Time: 00:02:24

Health: -6/29      AC: 11    Str: 19    XL:     4   Next: 2%
Magic:  3/5        EV: 10    Int: 10    God:    Lugonu [*.....]
Gold:   97         SH:  4    Dex: 10    Spells: 3/3 levels left

rFire   . . .      SeeInvis .   a - +1 hand axe
rCold   . . .      Faith    .   c - +1 buckler {rN+}
rNeg    + + .      Spirit   .   b - +0 leather armour
rPois   ∞          Reflect  .   (no helmet)
rElec   +          Harm     .   g - +0 cloak
rCorr   .          Rampage  .   (no gloves)
Will    .....                   e - +2 pair of boots
Stlth   +.........              (no amulet)
HPRegen 0.09/turn               (no ring)
MPRegen 0.09/turn               (no ring)

@: hasted, very quick
A: sickness immunity, AC +3, negative energy resistance 1, electricity
resistance, torment resistance 1, petrification resistance
a: Renounce Religion, Depart the Abyss


You were on level 2 of the Dungeon.
You worshipped Lugonu.
Lugonu was aware of your devotion.
You visited 1 branch of the dungeon, and saw 2 of its levels.
You visited the Abyss 2 times.

You collected 97 gold pieces.

Inventory:

Hand Weapons
 a - a +1 hand axe (weapon)
Missiles
 i - a poisoned dart (quivered)
Armour
 b - a +0 leather armour (worn)
 c - a +1 buckler of positive energy (worn)
 e - a +2 pair of boots (worn)
 g - a +0 cloak (worn)
Jewellery
 h - a ring of flight
Scrolls
 j - a scroll of teleportation {unknown}
Potions
 k - 2 potions of heal wounds {unknown}


   Skills:
 + Level 4.2 Fighting
 + Level 2.5 Axes
 + Level 2.3 Armour
 + Level 0.8 Dodging
 + Level 1.2 Shields
 + Level 2.0 Invocations


You had 3 spell levels left.
You didn't know any spells.
Your spell library was empty.

Dungeon Overview and Level Annotations

Branches:
Dungeon (2/15)

Altars:

Annotations:
D:2 Crazy Yiuf


Innate Abilities, Weirdness & Mutations

You are immune to sickness and miasma.
Your stone body is resilient. (AC +3)
You are immune to poison.
You resist negative energy. (rN+)
You are resistant to electric shocks. (rElec)
You are resistant to unholy torment.
You are immune to petrification.


Message History

A small abomination comes into view.
Okay, then.
Found a gateway leading deeper into the Abyss.
Found a gateway leading deeper into the Abyss.
There is a gateway leading deeper into the Abyss here.
You start resting.
A large abomination comes into view.
You plunge deeper into the Abyss.
Found two gateways leading deeper into the Abyss.
You start resting.
A large abomination emerges from chaos.
You pass through the gate.
Welcome back to the Dungeon!
Level annotation: Crazy Yiuf Crazy Yiuf hits you with a +2 quarterstaff of chaos!
You are confused.
You completely miss Crazy Yiuf.
Crazy Yiuf hits you with a +2 quarterstaff of chaos.
You feel your power leaking away.
Crazy Yiuf hits you with a +2 quarterstaff of chaos.
* * * LOW HITPOINT WARNING * * *
Crazy Yiuf burns you.
* * * LOW HITPOINT WARNING * * *
You feel better. Crazy Yiuf misses you.
You feel better.
Crazy Yiuf whimpers, "Tosser!"
You block Crazy Yiuf's attack.
You hit Crazy Yiuf.
Crazy Yiuf is moderately wounded.
Crazy Yiuf hits you with a +2 quarterstaff of chaos!
Crazy Yiuf burns you.
You barely miss Crazy Yiuf.
Crazy Yiuf is moderately wounded.
Crazy Yiuf says, "Action sizzlefizz King!"
Crazy Yiuf hits you with a +2 quarterstaff of chaos.
* * * LOW HITPOINT WARNING * * *
You resist the pull of the Abyss.
It was a potion of haste.
You feel yourself speed up.
Crazy Yiuf hits you with a +2 quarterstaff of chaos!
You die...

#>.......######..#####..###
.........# #....# #>.#
#........### ♣....♣ #..#
#######....# ♣...♣♣ #..#
####.# ♣♣.♣♣ #..# ### ♣.♣♣
#..# ♣♣.♣ #.## ♣g♣♣ ###
♣♣@♣ #(# ... #...# #.()#
#####


You could see Crazy Yiuf.

Vanquished Creatures
  An adder (D:2)
  A worm (D:2)
  A dart slug (D:1)
  2 ball pythons
  6 endoplasms
  3 giant cockroaches
  5 goblins
  8 hobgoblins
  2 kobolds (D:2)
  A quokka (D:2)
  4 bats
  3 rats
37 creatures vanquished.

Notes
Turn   | Place    | Note
-------+----------+-------------------------------------------
     0 | Abyss:1  | Gargoyl the Gargoyle Abyssal Knight began the quest for the
                  | Orb.
     0 | Abyss:1  | Reached XP level 1. HP: 14/14 MP: 2/2
     0 | D:1      | Escaped the Abyss
   213 | D:1      | Reached XP level 2. HP: 20/20 MP: 3/3
   546 | D:1      | Reached * piety under Lugonu
   807 | D:1      | Reached skill level 4 in Fighting
   850 | D:1      | Reached XP level 3. HP: 24/24 MP: 4/4
   905 | D:1      | You fall into a shaft and drop 1 floor!
   914 | D:2      | Reached skill level 1 in Shields
  1292 | D:2      | Noticed a shining eye
  1294 | D:2      | Noticed an eye of devastation
  1297 | D:2      | Found a faded altar of an unknown god.
  1357 | D:2      | Noticed an eye of devastation
  1357 | D:2      | Noticed a great orb of eyes
  1447 | D:2      | Reached XP level 4. HP: 29/29 MP: 5/5
  1521 | D:2      | Found a runed translucent door.
  1522 | D:2      | Noticed Crazy Yiuf
  1648 | D:2      | Cast into level 1 of the Abyss (Crazy Yiuf)
  1784 | Abyss:1  | Noticed a small abomination
  1795 | Abyss:1  | Noticed a large abomination
  1802 | Abyss:2  | Noticed a large abomination
  1802 | D:2      | Escaped the Abyss
  1808 | D:2      | Mangled by Crazy Yiuf

Illustrated notes

Levels and vault maps discovered:
D:1:      lemuel_arrival_lava_pool, layout_basic
D:2:      layout_rooms, hellmonk_ecumenical_altar_watching_god,
          uniq_crazy_yiuf_cottage

Skill      XL: |  1  2  3 |
---------------+----------+-----
Axes           | 2 |  2.5
Fighting       | 4 |  4.2
Shields        | 1 |  1.2
Armour         | |  2.3
Dodging        | |  0.8
Invocations    | |  2.0

Action                   |  1- 3 |  4- 6 || total
-------------------------+-------+-------++-------
Melee: Hand axe          |   109 |     4 ||   113
Throw: Dart              |       |     4 ||     4
Invok: Depart the Abyss  |     1 |     1 ||     2
  Use: Scroll            |     1 |       ||     1
       Potion            |       |     3 ||     3
Armor: Leather armour    |    70 |       ||    70
Dodge: Dodged            |    72 |     2 ||    74
Block: Buckler           |    24 |     2 ||    26

Table legend: (Time is in decaauts)
 A = Elapsed time spent in this place.
 B = Non-inter-level travel time spent in this place.
 C = Inter-level travel time spent in this place.
 D = Time resting spent in this place.
 E = Time spent auto-exploring this place.
 F = Levels seen in this place.
 G = Mean time per level.
                   A        B        C        D        E       F      G
               +--------+--------+--------+--------+--------+-----+--------+
         Total |   1842 |   1813 |     29 |      5 |   1366 |   5 |  368.4 |
       Dungeon |   1688 |   1659 |     29 |      1 |   1231 |   2 |  844.0 |
         Abyss |    153 |    153 |      0 |      4 |    135 |   3 |   51.0 |
               +--------+--------+--------+--------+--------+-----+--------+

Top non-repeatable levels by time:
     D:1: 990 daAuts
     D:2: 698 daAuts
 Abyss:1: 148 daAuts
 Abyss:2: 4 daAuts
